 Dungeon Crawl Stone Soup version 0.21-a0-525-ga34b322 (webtiles) character file.

740 Amnesiac the Shooter (level 7, -8/54 HPs)
             Began as a Mummy Hunter on Dec 7, 2017.
             Incinerated by Typee's ghost (9 damage)
             ... with a sticky flame
             ... on level 5 of the Dungeon.
             The game lasted 00:05:39 (4433 turns).

Amnesiac the Shooter (Mummy Hunter)                 Turns: 4433, Time: 00:05:40

Health: -8/54      AC:  6    Str: 17    XL:     7   Next: 46%
Magic:  7/7        EV: 12    Int: 10    God:
Gold:   325        SH:  0    Dex: 13    Spells: 6/6 levels left

rFire    x . .     SeeInvis .   a - +1 shortbow
rCold    + . .     Gourm    .   (shield currently unavailable)
rNeg     + + +     Faith    .   h - +0 ring mail
rPois    ∞         Spirit   .   (no helmet)
rElec    .         Reflect  .   (no cloak)
rCorr    .         Harm     .   (no gloves)
MR       .....                  r - +0 pair of boots (curse)
Stlth    +.........             (no amulet)
HPRegen  0.18/turn              (no ring)
MPRegen  0.10/turn              (no ring)

@: liquid flames, very slightly contaminated, glowing
A: no food or potions, fire vulnerability, cold resistance 1, negative energy
resistance 3, torment resistance, unbreathing
a: no special abilities


You were on level 5 of the Dungeon.
You were not hungry.

You visited 1 branch of the dungeon, and saw 5 of its levels.

You collected 325 gold pieces.

Inventory:

Hand Weapons
 a - a +1 shortbow (weapon)
 b - a +2 dagger of venom
 m - a +0 spear
 w - a +0 hunting sling
Missiles
 d - 32 arrows (quivered)
 f - 56 stones
 j - 27 poisoned needles
Armour
 h - a +0 ring mail (worn)
 r - a cursed +0 pair of boots (worn)
Scrolls
 c - 4 scrolls of teleportation {!r}
 g - 2 scrolls of magic mapping {!r}
 i - 2 scrolls of fear {!r, unknown}
 k - a scroll of fog {!r, unknown}
 l - 2 scrolls of blinking {!r}
 n - a scroll of noise {!r, unknown}
 o - 3 scrolls of remove curse {!r}
 q - a scroll of enchant weapon {!r, unknown}
 s - a scroll of identify {!r, unknown}
Books
 p - a book of Minor Magic

   Spells                             Type                      Level
   a - Magic Dart                     Conjuration                  1
   b - Blink                          Translocation                2
   c - Call Imp                       Summoning                    2
   d - Slow                           Hexes                        2
   e - Conjure Flame                  Conjuration/Fire             3
   f - Mephitic Cloud                 Conjuration/Poison/Air       3
 t - a book of Air

   Spells                             Type                      Level
   a - Shock                          Conjuration/Air              1
   b - Swiftness                      Charms/Air                   2
   c - Static Discharge               Conjuration/Air              3
   d - Airstrike                      Air                          4
   e - Lightning Bolt                 Conjuration/Air              5


   Skills:
 + Level 4.0 Fighting
 * Level 5.3 Bows
 + Level 3.2 Armour
 + Level 3.2 Dodging
 - Level 0.7 Stealth


You had 6 spell levels left.
You didn't know any spells.

Dungeon Overview and Level Annotations

Branches:
Dungeon (5/15)
 Temple: D:4-7

Altars:
Cheibriados
Uskayaw
Vehumet
Yredelemnul
Zin

Annotations:
D:5 Dowan; Duvessa; Typee's ghost, novice OpFE


Innate Abilities, Weirdness & Mutations

You do not eat or drink.
Your flesh is vulnerable to fire.
You are immune to poison.
Your flesh is cold resistant. (rC+)
You are immune to negative energy. (rN+++)
You are immune to unholy pain and torment.
You can survive without breathing.


Message History

Aim: Typee's ghost, wielding a weapon of venom (lightly damaged)
You shoot an arrow.
The arrow hits Typee's ghost but does no damage.
Typee's ghost is lightly damaged.
Firing (i - inventory. (,) - cycle):
d - 39 arrows (quivered)
Press: ? - help, Shift-Dir - straight line, f/p - Typee's ghost
Aim: Typee's ghost, wielding a weapon of venom (lightly damaged)
You shoot an arrow. The arrow hits Typee's ghost!
Typee's ghost is moderately damaged.
Typee's ghost closely misses you.
Firing (i - inventory. (,) - cycle):
d - 38 arrows (quivered)
Press: ? - help, Shift-Dir - straight line, f/p - Typee's ghost
Aim: Typee's ghost, wielding a weapon of venom (moderately damaged)
You shoot an arrow. The arrow hits Typee's ghost!
Typee's ghost is heavily damaged.
Typee's ghost hits you.
Firing (i - inventory. (,) - cycle):
d - 37 arrows (quivered)
Press: ? - help, Shift-Dir - straight line, f/p - Typee's ghost
Aim: Typee's ghost, wielding a weapon of venom (heavily damaged)
You shoot an arrow. The arrow closely misses Typee's ghost.
Typee's ghost hits you.
Firing (i - inventory. (,) - cycle):
d - 36 arrows (quivered)
Press: ? - help, Shift-Dir - straight line, f/p - Typee's ghost
Aim: Typee's ghost, wielding a weapon of venom (heavily damaged)
You shoot an arrow. The arrow barely misses Typee's ghost.
Typee's ghost sprays you with burning goo.
The sticky flame hits you! The fire burns you terribly!
You are covered in liquid flames!
Firing (i - inventory. (,) - cycle):
d - 35 arrows (quivered)
Press: ? - help, Shift-Dir - straight line, f/p - Typee's ghost
Aim: Typee's ghost, wielding a weapon of venom (heavily damaged)
You shoot an arrow. The arrow hits Typee's ghost.
Typee's ghost is severely damaged.
You are covered in liquid flames!
* * * LOW HITPOINT WARNING * * *
Typee's ghost hits you but does no damage.
Firing (i - inventory. (,) - cycle):
d - 34 arrows (quivered)
Press: ? - help, Shift-Dir - straight line, f/p - Typee's ghost
Aim: Typee's ghost, wielding a weapon of venom (severely damaged)
You shoot an arrow. The arrow misses Typee's ghost.
You are covered in liquid flames!
* * * LOW HITPOINT WARNING * * *
Typee's ghost completely misses you.
Firing (i - inventory. (,) - cycle):
d - 33 arrows (quivered)
Press: ? - help, Shift-Dir - straight line, f/p - Typee's ghost
Aim: Typee's ghost, wielding a weapon of venom (severely damaged)
You shoot an arrow. The arrow hits Typee's ghost.
Typee's ghost is severely damaged.
You are covered in liquid flames!
* * * LOW HITPOINT WARNING * * *
Typee's ghost barely misses you.
You can't drink.
Really read
l - 3 scrolls of blinking {!r}?
Blink to where?
Press: ? - help, Dir - move target cursor, p - Typee's ghost You are very lightly contaminated with residual magic.
As you read the scroll of blinking {!r}, it crumbles to dust.
You are covered in liquid flames!
* * * LOW HITPOINT WARNING * * *
Typee's ghost stares at you and mumbles some strange words.
The puff of flame hits you! The fire burns you terribly!
* * * LOW HITPOINT WARNING * * *
You are covered in liquid flames!
You die...

#...####...##.
#...####...#..
#..........)..
#....###.#[..)
#######
#....#...#....
......############
#....###.#.#..
..(.(...()W§.....#
##.#.# #.#.#.>
%......#########.#
#.#.# #.#.#..
.......# #@# #.#.#
#.#.#.. ...g...#
#.####.#.# #.#.#..
.......#
#......#.###.# #..
.......#
########..#.....# #..
........
..........#######.#..
.......#
#######...........#..
.......#
#..##########.. #..#
##. ##########..# #.


There were no monsters in sight!

Vanquished Creatures
  An ogre (D:4)
  A scorpion (D:4)
  2 howler monkeys
  A hound (D:4)
  3 orc priests
  3 orc wizards
  Jessica (D:2)
  An iguana (D:4)
  3 worker ants
  7 gnolls
  An adder (D:4)
  A shadow imp (D:5)
  An ooze (D:2)
  An adder skeleton (D:5)
  A worm (D:4)
  A dart slug (D:2)
  5 leopard geckos
  13 orcs
  A ball python (D:4)
  6 giant cockroaches
  3 goblins
  6 hobgoblins
  15 jackals
  11 kobolds
  A quokka (D:3)
  7 bats
  3 frilled lizards
  2 jackal skeletons
  A leopard gecko skeleton (D:4)
  2 rats
105 creatures vanquished.

Notes
Turn   | Place    | Note
-------+----------+-------------------------------------------
     0 | D:1      | Amnesiac the Mummy Hunter began the quest for the Orb.
     0 | D:1      | Reached XP level 1. HP: 16/16 MP: 1/1
    90 | D:1      | Reached skill level 1 in Armour
   311 | D:1      | Reached XP level 2. HP: 20/22 MP: 2/2
   657 | D:1      | Reached XP level 3. HP: 8/27 MP: 3/3
  1368 | D:2      | Found a snail-covered altar of Cheibriados.
  1546 | D:2      | Noticed Jessica
  1551 | D:2      | Killed Jessica
  1551 | D:2      | Reached XP level 4. HP: 26/34 MP: 4/4
  1881 | D:3      | Reached skill level 4 in Bows
  2009 | D:3      | Reached XP level 5. HP: 30/39 MP: 5/5
  2604 | D:3      | Found a hide-covered altar of Uskayaw.
  2606 | D:3      | Found a glowing silver altar of Zin.
  2643 | D:4      | Noticed an ogre
  2649 | D:4      | Killed an ogre
  2649 | D:4      | Reached XP level 6. HP: 47/47 MP: 6/6
  3321 | D:5      | Entered Level 5 of the Dungeon
  3446 | D:5      | Reached XP level 7. HP: 41/52 MP: 7/7
  3452 | D:5      | Reached skill level 5 in Bows
  3612 | D:5      | Found a basalt altar of Yredelemnul.
  3654 | D:5      | Noticed Duvessa
  3657 | D:5      | Noticed Dowan
  4198 | D:5      | Found a radiant altar of Vehumet.
  4405 | D:5      | Noticed Typee's ghost (novice OpFE)
  4432 | D:5      | HP: 1/54 [Typee's ghost/puff of flame (6)]
  4433 | D:5      | Incinerated by Typee's ghost

Vault maps used:
D:1:      sevenhm_arrival_forest_fort_small_5
D:2:      kennysheep_slug_shrine, serial_curves, eino_curves_04, eino_curves_04,
          cheibrodos_gnoll_hut, uniq_jessica
D:3:      nicolae_overflow_hidden_temple, first_bread
D:5:      kennysheep_mini, kennysheep_mini_moat, uniq_duvessa

Skill      XL: |  1  2  3  4  5  6  7 |
---------------+----------------------+-----
Armour         | 1 2 3 |  3.2
Dodging        | 2 3 |  3.2
Bows           | 4 5 |  5.3
Fighting       | 3 4 |  4.0
Stealth        | |  0.7

Action                   |  1- 3 |  4- 6 |  7- 9 || total
-------------------------+-------+-------+-------++-------
Melee: Short sword       |    98 |       |       ||    98
       Spear             |    34 |       |       ||    34
       Shortbow          |       |       |     3 ||     3
 Fire: Shortbow          |     3 |    39 |    62 ||   104
       Hunting sling     |    16 |   211 |    41 ||   268
  Use: Scroll            |     2 |     2 |     2 ||     6
 Stab: Sleeping          |     1 |       |       ||     1
Armor: Leather armour    |     9 |     3 |       ||    12
       Ring mail         |    39 |    71 |    27 ||   137
Dodge: Dodged            |    90 |   130 |    32 ||   252

Table legend:
 A = Spawn XP
 B = Non-spawn XP
 C = Spawn XP percentage of total XP
 D = Spawn monster count
 E = Non-spawn monster count
 F = Spawn count percentage of total count
 G = Total turns spent on level
                    A         B        C        D         E        F      G
               +---------+---------+-------+---------+---------+-------+---------
         Total |       0 |    1058 |   0.0 |       0 |     105 |   0.0 |  4433
               +---------+---------+-------+---------+---------+-------+---------
           D:1 |       0 |      53 |   0.0 |       0 |      29 |   0.0 |  1226
           D:2 |       0 |      79 |   0.0 |       0 |      13 |   0.0 |   620
           D:3 |       0 |     157 |   0.0 |       0 |      29 |   0.0 |   801
           D:4 |       0 |     404 |   0.0 |       0 |      14 |   0.0 |   766
           D:5 |       0 |     365 |   0.0 |       0 |      20 |   0.0 |  1020
               +---------+---------+-------+---------+---------+-------+---------
